 Dungeon Crawl Stone Soup version 0.28-a0-881-gae16bb6c82 (webtiles) character file.

Game seed: 110230840627504938

257 Gargoyl the Skirmisher (level 6, -1/53 HPs)
             Began as a Gnoll Abyssal Knight on Nov 21, 2021.
             Was a Believer of Lugonu.
             Killed from afar by Blork the orc (3 damage)
             ... with a puff of frost
             ... on level 4 of the Dungeon.
             The game lasted 00:04:25 (3405 turns).

Gargoyl the Skirmisher (Gnoll Abyssal Knight)       Turns: 3405, Time: 00:04:26

Health: -1/53      AC:  8    Str: 15    XL:     6   Next: 16%
Magic:  9/9        EV:  9    Int:  9    God:    Lugonu [**....]
Gold:   152        SH:  7    Dex: 12    Spells: 8/8 levels left

rFire   . . .      SeeInvis .   a - +2 hand axe (vamp)
rCold   . . .      Faith    .   f - +0 kite shield
rNeg    . . .      Spirit   .   g - +0 ring mail
rPois   .          Reflect  .   e - +0 helmet
rElec   .          Harm     .   (no cloak)
rCorr   .          Rampage  +   (no gloves)
Will    .....                   d - +0 pair of boots {rampage}
Stlth   +.........              (no amulet)
HPRegen 0.17/turn               (no ring)
MPRegen 0.11/turn               (no ring)

@: no status effects
A: fangs 1, strong nose, distributed training
a: Renounce Religion, Depart the Abyss, Bend Space


You were on level 4 of the Dungeon.
You worshipped Lugonu.
Lugonu was pleased with you.
You visited 1 branch of the dungeon, and saw 4 of its levels.
You visited the Abyss 1 time.

You collected 152 gold pieces.

Inventory:

Hand Weapons
 a - a +2 vampiric hand axe (weapon)
 b - a +0 dagger of venom
 j - a +2 hand axe of freezing
Missiles
 c - 16 poisoned darts (quivered)
Armour
 d - a +0 pair of boots of rampaging (worn)
 e - a +0 helmet (worn)
 f - a +0 kite shield (worn)
 g - a +0 ring mail (worn)
Scrolls
 h - a scroll of fear {unknown}


   Skills:
 + Level 6.8 Fighting
 + Level 1.8 Short Blades
 + Level 1.8 Long Blades
 + Level 4.9 Axes
 + Level 1.8 Maces & Flails
 + Level 1.8 Polearms
 + Level 1.8 Staves
 + Level 1.8 Slings
 + Level 1.8 Bows
 + Level 1.8 Crossbows
 + Level 1.8 Throwing
 + Level 4.9 Armour
 + Level 3.1 Dodging
 + Level 1.8 Stealth
 + Level 1.8 Shields
 + Level 1.8 Unarmed Combat
 + Level 1.8 Spellcasting
 + Level 1.4 Conjurations
 + Level 1.4 Hexes
 + Level 1.4 Summonings
 + Level 1.4 Necromancy
 + Level 1.4 Translocations
 + Level 1.4 Transmutations
 + Level 1.4 Fire Magic
 + Level 1.4 Ice Magic
 + Level 1.4 Air Magic
 + Level 1.4 Earth Magic
 + Level 1.4 Poison Magic
 + Level 5.0 Invocations
 + Level 1.8 Evocations


You had 8 spell levels left.
You didn't know any spells.
Your spell library was empty.

Dungeon Overview and Level Annotations

Branches:
Dungeon (4/15)
 Temple: D:4-7

Altars:

Annotations:
D:4 Blork the orc, Eustachio, Grinder


Innate Abilities, Weirdness & Mutations

You have very sharp teeth.
Your uncanny sense of smell can sniff out nearby items.
Your experience applies equally to all skills.


Message History

Blork the orc seems to speed up.
Grinder gestures at you. Pain shoots through your body!
Eustachio gestures wildly while chanting.
Eustachio blinks!
Grinder gestures at you. Pain shoots through your body!
* * * LOW HITPOINT WARNING * * *
You can move again.
Blork the orc screams, "I'll break your arms!"
Unknown command.
Blork the orc looks braver for a moment.
Unknown command.
Blork the orc screams, "I'll rip your head off!"
Blork the orc casts a cantrip, but nothing happens.
Grinder says, "At least Makhleb appreciates what I'm doing."
Grinder gestures at you.
You suddenly lose the ability to move!
Grinder gestures at you. Pain shoots through your body!
* * * LOW HITPOINT WARNING * * *
Blork the orc hits you with a +0 long sword.
* * * LOW HITPOINT WARNING * * *
Blork the orc hits you with a +0 long sword.
* * * LOW HITPOINT WARNING * * *
You can move again.
The shadow imp shouts, "Give up, thou pottle-deep full-gorged slabber!"
Blork the orc barely misses you. Grinder gestures at you.
Pain shoots through your body!
* * * LOW HITPOINT WARNING * * *
Blork the orc casts a cantrip, but nothing happens.
Items here: ( ) [ †.
Grinder blinks!
Blork the orc gestures at you while chanting.
The magic dart hits you but does no damage.
Unknown command.
Blork the orc gestures at you while chanting.
The puff of frost hits you.
You die...

############### #.............#
###### #.............# #....#
+.............# #.##.# ∆
..#.......5.....####.##.#####
5.........@...o.@......>#...
###.#########..#####.##.#.###.♣
#. ####'#####.##........ #.
##.......##.##...##### #.
#.⌠#####⌠.#^.#.#.# ##
#.##...##.#..#.#.#
#.#.⌠.⌠.#.#....#.#
#.#..<..#.#..#.......
#.#.⌠.⌠.#.#..#..#####


You could see Eustachio, Blork the orc (fast) and a shadow imp (summoned).

Vanquished Creatures
  A necrophage (D:4)
  An orc priest (D:3)
  Terence (D:3)
  3 adders
  A river rat (D:4)
  An adder skeleton (D:4)
  3 worms
  A dart slug (D:2)
  5 orcs (D:3)
  9 ball pythons
  An endoplasm (D:2)
  A giant cockroach (D:1)
  4 goblins
  5 hobgoblins
  8 jackals
  10 kobolds
  6 bats
  7 rats
68 creatures vanquished.

Vanquished Creatures (others)
  4 starspawn tentacles (Abyss:1)
4 creatures vanquished.

Grand Total: 72 creatures vanquished

Notes
Turn   | Place    | Note
-------+----------+-------------------------------------------
     0 | Abyss:1  | Gargoyl the Gnoll Abyssal Knight began the quest for the
                  | Orb.
     0 | Abyss:1  | Reached XP level 1. HP: 23/23 MP: 3/3
    50 | Abyss:1  | Noticed a quasit
    50 | Abyss:1  | Noticed a guardian serpent
   158 | Abyss:1  | Noticed a starcursed mass
   180 | Abyss:1  | Noticed a large abomination
   181 | Abyss:1  | Noticed a tentacled starspawn
   206 | Abyss:1  | Noticed a smoke demon
   209 | D:1      | Escaped the Abyss
   831 | D:1      | Reached XP level 2. HP: 25/29 MP: 5/5
   943 | D:1      | Reached * piety under Lugonu
  1432 | D:2      | Reached XP level 3. HP: 21/35 MP: 6/6
  2429 | D:2      | Found a faded altar of an unknown god.
  2543 | D:3      | Reached skill level 1 in Short Blades
  2543 | D:3      | Reached skill level 1 in Long Blades
  2543 | D:3      | Reached skill level 1 in Maces & Flails
  2543 | D:3      | Reached skill level 1 in Polearms
  2543 | D:3      | Reached skill level 1 in Staves
  2543 | D:3      | Reached skill level 1 in Slings
  2543 | D:3      | Reached skill level 1 in Bows
  2543 | D:3      | Reached skill level 1 in Crossbows
  2543 | D:3      | Reached skill level 1 in Throwing
  2543 | D:3      | Reached skill level 1 in Stealth
  2543 | D:3      | Reached skill level 1 in Shields
  2543 | D:3      | Reached skill level 1 in Unarmed Combat
  2543 | D:3      | Reached skill level 1 in Spellcasting
  2543 | D:3      | Reached skill level 1 in Evocations
  2543 | D:3      | Reached XP level 4. HP: 41/41 MP: 7/7
  2608 | D:3      | Reached ** piety under Lugonu
  2686 | D:3      | Reached skill level 1 in Conjurations
  2686 | D:3      | Reached skill level 1 in Hexes
  2686 | D:3      | Reached skill level 1 in Summonings
  2686 | D:3      | Reached skill level 1 in Necromancy
  2686 | D:3      | Reached skill level 1 in Translocations
  2686 | D:3      | Reached skill level 1 in Transmutations
  2686 | D:3      | Reached skill level 1 in Fire Magic
  2686 | D:3      | Reached skill level 1 in Ice Magic
  2686 | D:3      | Reached skill level 1 in Air Magic
  2686 | D:3      | Reached skill level 1 in Earth Magic
  2686 | D:3      | Reached skill level 1 in Poison Magic
  2697 | D:3      | Reached XP level 5. HP: 47/47 MP: 8/8
  2722 | D:3      | Noticed Terence
  2729 | D:3      | Killed Terence
  2912 | D:4      | Noticed Ijyb
  2928 | D:4      | Noticed Ijyb
  2928 | D:4      | Ijyb changed into Ijyb the river rat
  2933 | D:4      | Noticed a necrophage
  2940 | D:4      | Killed Ijyb the river rat
  2959 | D:4      | Killed a necrophage
  2960 | D:4      | Reached skill level 5 in Invocations
  2960 | D:4      | Reached XP level 6. HP: 8/53 MP: 9/9
  3384 | D:4      | Noticed Grinder
  3384 | D:4      | Noticed Eustachio
  3387 | D:4      | Noticed Blork the orc
  3390 | D:4      | Paralysed by Grinder for 3 turns
  3396 | D:4      | Paralysed by Grinder for 5 turns
  3400 | D:4      | HP: 2/53 [Blork the orc (1)]
  3405 | D:4      | Killed from afar by Blork the orc

Illustrated notes

Levels and vault maps discovered:
D:1:      dpeg_chamrin_arrival_tetris, layout_loops_ring,
          nicolae_figureground_sparkle
D:2:      layout_rooms, basic_ecumenical_altar
D:3:      layout_rooms, uniq_terence
D:4:      layout_basic, gammafunk_temple_overflow_pools, nrook_campfire,
          grunt_ministairs_11, uniq_ijyb, uniq_grinder, uniq_blork_the_orc,
          uniq_eustachio

Skill      XL: |  1  2  3  4  5 |
---------------+----------------+-----
Short Blades   | 1 |  1.8
Long Blades    | 1 |  1.8
Maces & Flails | 1 |  1.8
Polearms       | 1 |  1.8
Staves         | 1 |  1.8
Slings         | 1 |  1.8
Bows           | 1 |  1.8
Crossbows      | 1 |  1.8
Throwing       | 1 |  1.8
Stealth        | 1 |  1.8
Shields        | 1 |  1.8
Unarmed Combat | 1 |  1.8
Spellcasting   | 1 |  1.8
Evocations     | 1 |  1.8
Conjurations   | 1 |  1.4
Hexes          | 1 |  1.4
Summonings     | 1 |  1.4
Necromancy     | 1 |  1.4
Translocations | 1 |  1.4
Transmutations | 1 |  1.4
Fire Magic     | 1 |  1.4
Ice Magic      | 1 |  1.4
Air Magic      | 1 |  1.4
Earth Magic    | 1 |  1.4
Poison Magic   | 1 |  1.4
Dodging        | 3 |  3.1
Invocations    | 5 |  5.0
Fighting       | |  6.8
Axes           | |  4.9
Armour         | |  4.9

Action                   |  1- 3 |  4- 6 || total
-------------------------+-------+-------++-------
Melee: Hand axe          |   148 |   112 ||   260
       Bite              |     8 |     9 ||    17
Invok: Depart the Abyss  |     1 |       ||     1
Evoke: Wand              |       |     1 ||     1
  Use: Potion            |     2 |     4 ||     6
       Scroll            |     3 |     3 ||     6
Armor: Leather armour    |    17 |       ||    17
       Ring mail         |    77 |    52 ||   129
       Skin              |       |    17 ||    17
Dodge: Dodged            |    69 |    52 ||   121
Block: Kite shield       |    65 |    64 ||   129

Table legend: (Time is in decaauts)
 A = Elapsed time spent in this place.
 B = Non-inter-level travel time spent in this place.
 C = Inter-level travel time spent in this place.
 D = Time resting spent in this place.
 E = Time spent auto-exploring this place.
 F = Levels seen in this place.
 G = Mean time per level.
                   A        B        C        D        E       F      G
               +--------+--------+--------+--------+--------+-----+--------+
         Total |   3496 |   3398 |     98 |    428 |   2143 |   5 |  699.2 |
       Dungeon |   3287 |   3189 |     98 |    428 |   1997 |   4 |  821.8 |
         Abyss |    209 |    209 |      0 |      0 |    146 |   1 |  209.0 |
               +--------+--------+--------+--------+--------+-----+--------+

Top non-repeatable levels by time:
     D:2: 1250 daAuts
     D:1: 1091 daAuts
     D:4: 536 daAuts
     D:3: 408 daAuts
 Abyss:1: 209 daAuts
